AoeStats
← Korni

Highland

503857351Analyzed
3v3 RM · 28d ago on Sep 2, 2026· 54m 39s· 6 players
Game mode
Random Map
Map size
Normal (6 player)
Population
200
Speed
Normal
Resources
Standard
Victory
Conquest
Starting age
Dark Age
Ending age
Imperial Age
RankedLock teamsTeams togetherTeam positionsShared explorationLock speedFull tech treeHidden civsTurbo modeCheats
Victory
Defeat
🇭🇺 Mongols · Hungary
924
+12
🇫🇷 Maya · France
922
+12
🇺🇦 Lithuanians · Ukraine
893
+13
🇩🇪 Aztecs · Germany
863
-14
🇩🇪 Bohemians · Germany
816
-12
🇩🇪 Byzantines · Germany
805
-11
Alogib
11:06 Feudal Age
12:36 Double-Bit Axe
18:02 Castle Age
16:04 Horse Collar
17:28 Stone Mining
19:09 Bow Saw
20:07 Heavy Plow
21:28 Fervor
24:55 Husbandry
25:13 Forging
26:14 Wheelbarrow
26:14 Bloodlines
31:58 Imperial Age
30:08 Gold Mining
30:31 Caravan
33:23 Crop Rotation
34:07 Scale Barding Armor
34:02 Loom
34:18 Cavalier
35:20 Conscription
35:41 Hand Cart
35:43 Elite Leitis
38:23 Chain Barding Armor
37:41 Paladin
38:23 Town Watch
39:55 Stone Shaft Mining
40:24 Two-Man Saw
41:37 Chemistry
41:19 Iron Casting
41:06 Chain Barding Armor
41:12 Town Patrol
42:29 Man-at-Arms
44:35 Plate Barding Armor
45:35 Ballistics
44:43 Long Swordsman
Le Daron
0:31 Loom
12:54 Feudal Age
16:53 Castle Age
15:10 Double-Bit Axe
16:28 Horse Collar
16:59 Gold Mining
22:02 Wheelbarrow
23:18 Bow Saw
23:02 Stone Mining
25:15 Fletching
27:06 Heavy Plow
28:19 Hand Cart
32:51 Imperial Age
30:26 Padded Archer Armor
30:26 Bodkin Arrow
31:14 Thumb Ring
31:28 Leather Archer Armor
32:09 Stone Shaft Mining
32:03 Forging
31:53 Scale Mail Armor
32:00 Squires
31:50 Arson
34:27 Iron Casting
35:03 Chemistry
34:24 Ballistics
34:28 Conscription
35:08 Bracer
35:39 Ring Archer Armor
35:25 Chain Mail Armor
34:37 Pikeman
37:03 Holcans
35:59 Elite Plumed Archer
37:44 Blast Furnace
37:59 Two-Man Saw
36:46 Halberdier
38:04 Masonry
37:36 Treadmill Crane
37:26 Capped Ram
39:57 Plate Mail Armor
38:50 Eagle Warrior
40:31 Siege Ram
42:24 Caravan
43:10 Architecture
42:51 Fortified Wall
42:35 Guard Tower
46:06 Elite Skirmisher
46:07 Crossbowman
48:43 Crossbowman
53:14 Elite Eagle Warrior
benjaminvilmos
0:58 Loom
14:07 Feudal Age
18:47 Castle Age
16:38 Double-Bit Axe
16:46 Horse Collar
21:33 Bow Saw
27:22 Heavy Plow
33:46 Stone Mining
34:08 Caravan
37:43 Imperial Age
37:06 Wheelbarrow
36:18 Town Watch
36:26 Fletching
36:37 Padded Archer Armor
39:29 Stone Shaft Mining
39:18 Hand Cart
38:59 Gold Mining
40:53 Gold Shaft Mining
40:49 Conscription
40:32 Bodkin Arrow
40:52 Leather Archer Armor
41:43 Chemistry
41:04 Ballistics
41:19 Bracer
41:36 Elite Mangudai
42:42 Town Patrol
42:57 Thumb Ring
43:19 Parthian Tactics
42:57 Squires
42:43 Arson
43:12 Bloodlines
43:03 Husbandry
42:30 Capped Ram
45:56 Siege Ram
47:03 Drill
46:45 Nomads
>MFP< SH4FT
1:10 Loom
10:36 Feudal Age
11:56 Double-Bit Axe
18:56 Castle Age
17:04 Horse Collar
18:51 Arson
19:32 Forging
20:43 Scale Mail Armor
22:49 Iron Casting
22:58 Eagle Warrior
23:41 Squires
24:03 Chain Mail Armor
23:39 Fletching
24:26 Fletching
25:37 Town Watch
26:28 Wheelbarrow
26:27 Fortified Wall
27:00 Heavy Plow
33:25 Imperial Age
31:16 Hand Cart
32:11 Gold Mining
33:56 Town Patrol
35:59 Plate Mail Armor
36:30 Blast Furnace
35:29 Bodkin Arrow
37:00 Caravan
37:58 Garland Wars
38:00 Conscription
37:47 Elite Eagle Warrior
39:08 Bracer
39:47 Crop Rotation
39:30 Bow Saw
39:09 Capped Ram
41:07 Atlatl
41:41 Padded Archer Armor
41:08 Siege Ram
42:16 Pikeman
42:23 Elite Skirmisher
45:50 Chemistry
45:11 Ballistics
Korni
14:19 Feudal Age
14:51 Double-Bit Axe
14:49 Horse Collar
15:27 Fishing Lines
21:44 Castle Age
20:50 Gold Mining
22:51 Bow Saw
29:48 Heavy Plow
30:57 Padded Archer Armor
30:21 Pikeman
31:01 Squires
31:54 Ballistics
31:45 Fortified Wall
32:11 Elite Skirmisher
32:57 Thumb Ring
33:12 Arson
33:46 Leather Archer Armor
33:53 Loom
35:48 Wheelbarrow
35:08 Fletching
39:02 Imperial Age
36:39 Caravan
37:29 Hand Cart
37:13 Bodkin Arrow
37:25 Scale Mail Armor
38:35 Forging
38:44 Gillnets
39:18 Chain Mail Armor
39:00 Stone Mining
40:47 Two-Man Saw
39:54 Light Cavalry
40:52 Hussar
42:07 Ring Archer Armor
41:37 Bracer
44:34 Chemistry
43:21 Arrowslits
43:43 Elite Cataphract
47:38 Iron Casting
47:34 Plate Mail Armor
47:09 Scale Barding Armor
46:42 Halberdier
48:44 Logistica
48:55 Heavy Camel Rider
Pfost3n
10:10 Feudal Age
19:39 Castle Age
18:11 Double-Bit Axe
18:42 Horse Collar
21:06 Wheelbarrow
21:45 Bow Saw
22:12 Scale Mail Armor
24:23 Hand Cart
26:39 Fishing Lines
31:19 Imperial Age
28:56 Heavy Plow
30:01 Pikeman
30:01 Man-at-Arms
32:20 Chemistry
32:09 Caravan
33:00 Town Watch
33:51 Ballistics
34:07 Forging
35:45 Chain Mail Armor
36:06 Iron Casting
36:34 Two-Man Saw
36:55 Fortified Wall
38:28 Conscription
38:04 Houfnice
39:39 Fletching
40:50 Blast Furnace
40:21 Plate Mail Armor
42:27 Elite Hussite Wagon
43:35 Bodkin Arrow
43:05 Long Swordsman
46:12 Halberdier
Connection lost

Rejoining the realm…

Still unreachable

The connection could not be restored.

Session expired

The server has moved on; the page needs a fresh start.